 Dungeon Crawl Stone Soup version 0.31.0-1-g2c135a008e (webtiles) character file.

Game seed: 2454377501650101235

51 Colgate the Trooper (level 3, -2/34 HPs)
             Began as a Hill Orc Hexslinger on Jan 20, 2024.
             Was a Believer of Cheibriados.
             Killed by an exploding Terence (36 damage)
             ... ignited by their inner flame
             ... on level 2 of the Dungeon.
             The game lasted 00:04:20 (1380 turns).

Colgate the Trooper (Hill Orc Hexslinger)           Turns: 1380, Time: 00:04:20

Health: -2/34      AC:  2    Str: 16    XL:     3   Next: 81%
Magic:  2/4        EV: 12    Int: 17    God:    Cheibriados [**....]
Gold:   90         SH:  0    Dex: 17    Spells: 2/4 levels left

rFire   . . .        a - +1 sling
rCold   . . .        (no shield)
rNeg    . . .        c - +0 robe
rPois   .            (no helmet)
rElec   .            (no cloak)
rCorr   .            (no gloves)
SInv    .            (no boots)
Will    .....        (no amulet)
Stlth   ++           (no ring)
HPRegen 0.25/turn    (no ring)
MPRegen 0.09/turn

%: no passive effects
@: weak-willed, very slow
A: no striking features
a: Renounce Religion, Bend Time


You were on level 2 of the Dungeon.
You worshipped Cheibriados.
Cheibriados was pleased with you.
You visited 1 branch of the dungeon, and saw 2 of its levels.

You collected 90 gold pieces.

Inventory:

Hand Weapons
 a - a +1 sling (weapon)
Armour
 c - a +0 robe (worn)
Scrolls
 d - a scroll of revelation
Potions
 f - 3 potions of curing {unknown}


   Skills:
 + Level 4.3 Fighting
 - Level 1.7 Ranged Weapons
 - Level 1.5 Dodging
 - Level 1.0 Spellcasting
 - Level 3.0 Hexes
 - Level 1.1 Fire Magic


You had 2 spell levels left.
You knew the following spells:

 Your Spells              Type           Power      Damage    Failure   Level
a - Jinxbite              Hex            22%        N/A       10%         2

Your spell library contained the following spells:

 Spells                   Type           Power      Damage    Failure   Level
 Magic Dart               Conj           0%         1d3       22%         1
 Searing Ray              Conj           0%         2d4       32%         2
 Sigil of Binding         Hex            11%        N/A       19%         3
 Inner Flame              Hex/Fire       7%         N/A       28%         3
 Cause Fear               Hex            5%         N/A       52%         4
 Dimensional Bullseye     Hex/Tloc       2%         N/A       75%         4
 Flame Wave               Conj/Fire      2%         2d4       86%         4
 Sticky Flame             Fire/Alch      2%         2d4       86%         4
 Fulminant Prism          Conj/Alch      0%         3d5       91%         4
 Yara's Violent Unravell  Hex/Alch       2%         3d3       97%         5
 Enfeeble                 Hex            5%         N/A       100%        7


Dungeon Overview and Level Annotations

Branches:
Dungeon (2/15)

Altars:
Cheibriados


Message History

You shoot a sling bullet. The sling bullet barely misses Terence.
You shoot a sling bullet.
The sling bullet hits Terence but does no damage.
Okay, then.
Casting: Jinxbite (safe; 10% risk of failure)
You beckon some vexing sprites to accompany your attacks.
You feel your willpower being sapped.
You shoot a sling bullet.
The sling bullet hits Terence but does no damage.
You shoot a sling bullet.
The sling bullet hits Terence but does no damage.
A giggling sprite leaps out and insults Terence's ancestors.
You shoot a sling bullet.
The sling bullet hits Terence but does no damage.
Really read the scroll of immolation? [Y]es or [N]o only, please.
Really read the scroll of immolation?
As you read the scroll of immolation, it crumbles to dust.
The creatures around you are filled with an inner flame!
You shoot a sling bullet.
The sling bullet hits Terence but does no damage.
A giggling sprite leaps out and doodles on Terence's face.
Flame seeps out of Terence.
The jinxing sprites lose interest in you.
Terence is engulfed in blazing flames.
Flame seeps out of Terence.
You shoot a sling bullet.
The sling bullet hits Terence but does no damage.
Terence is engulfed in poison gas.
Terence is poisoned.
Flame seeps out of Terence.
Terence screams, "I want your blood!"
Terence looks even sicker.
Terence closely misses you.
You shoot a sling bullet.
The sling bullet hits Terence but does no damage.
Flame seeps out of Terence.
Terence is engulfed in poison gas.
Terence looks even sicker.
Cheibriados appreciates the change of pace.
Terence explodes!
The fiery explosion engulfs you!!!
Ouch! That really hurt!
You die...

#.# #######.#####.####### #.#
#....○..........# #.#
#.####○######.#.#
#.###°####○######.#.##
#....†☼..°.☼☼☼.○#☼>..## ####
#####○##.#☼.#..☼°.#.#.# #...
######## #.☼......°.°☼...#.# #.##
.......# #.##.°☼☼○☼#.#.###.###...
######.###.#####@###.##...#†....#
#.......#.####○°§##.######.##..#
#.###.#.#...○☼§°○○°.# #.....#
...#.######°○°#### #.###..
#####.# #..☼# #...... #.# #○○☼#
#.##### #.# #°÷.# #####......
#.######.○.#####.........#
#.................##..##.#


There were no monsters in sight!

Vanquished Creatures
  Terence (D:2)
  A dart slug (D:2)
  3 ball pythons
  5 endoplasms
  2 giant cockroaches (D:1)
  3 goblins
  4 hobgoblins
  4 jackals (D:1)
  6 kobolds (D:1)
  3 quokkas (D:1)
  4 bats
  3 frilled lizards
  4 rats
43 creatures vanquished.

Notes
Turn   | Place    | Note
-------+----------+-------------------------------------------
     0 | D:1      | Colgate the Hill Orc Hexslinger began the quest for the
                  | Orb.
     0 | D:1      | Reached XP level 1. HP: 16/16 MP: 2/2
    95 | D:1      | Reached skill level 2 in Fighting
   185 | D:1      | Reached XP level 2. HP: 25/25 MP: 3/3
   188 | D:1      | Learned a level 2 spell: Jinxbite
   347 | D:1      | Reached skill level 3 in Fighting
   476 | D:1      | Reached XP level 3. HP: 31/31 MP: 4/4
   560 | D:1      | Found a faded altar of an unknown god.
   569 | D:1      | Prayed at the altar of an unknown god.
   569 | D:1      | Became a worshipper of Cheibriados the Contemplative
   569 | D:1      | Reached * piety under Cheibriados
   985 | D:1      | Reached skill level 4 in Fighting
  1031 | D:2      | Noticed Terence
  1213 | D:2      | Reached ** piety under Cheibriados
  1380 | D:2      | Killed Terence
  1380 | D:2      | Killed by an exploding Terence... ignited by their inner
                  | flame

Illustrated notes

Levels and vault maps discovered:
D:1:      saegor_arrival_miasma, layout_basic, hellmonk_ecumenical_altar_blasted
D:2:      layout_loops_cross, uniq_terence

Skill      XL: |  1  2  3 |
---------------+----------+-----
Fighting       | 2 3 4 |  4.3
Ranged Weapons | |  1.7
Dodging        | |  1.5
Spellcasting   | |  1.0
Hexes          | |  3.0
Fire Magic     | |  1.1

Action                     || total
---------------------------++-------
   Fire: Sling             ||   117
   Cast: Jinxbite          ||     3
    Use: Scroll            ||     4
         Potion            ||     1
 Armour: Robe              ||    23
  Dodge: Dodged            ||    44
